 Dungeon Crawl Stone Soup version 0.25-a0-842-g81a31cfd23 (webtiles) character file.

Game seed: 4285975749540998257, levelgen mode: deterministic

133843 mortelune the Severer (level 17, -5/139 HPs)
             Began as a Formicid Fighter on Apr 24, 2020.
             Was the Champion of the Shining One.
             Slain by an eight-headed hydra (6 damage)
             ... on level 4 of the Swamp.
             The game lasted 01:16:50 (36761 turns).

mortelune the Severer (Formicid Fighter)           Turns: 36761, Time: 01:16:51

Health: -5/139     AC: 16    Str: 22    XL:     17   Next: 73%
Magic:  0/25       EV: 10    Int: 10    God:    the Shining One [******]
Gold:   601        SH: 15    Dex: 23    Spells: 16/16 levels left

rFire    . . .     SeeInvis +   b - +2 arbalest (flame)
rCold    . . .     Gourm    .   c - +0 kite shield {reflect}
rNeg     + + +     Faith    .   F - +0 swamp dragon scales
rPois    +         Spirit   +   (helmet unavailable)
rElec    +         Reflect  +   G - scarf {Spirit}
rCorr    .         Harm     .   u - +0 pair of gloves of Sif Muna's Reproof {rElec} (curse)
MR       ++...                  W - +2 pair of boots of Quach {Stlth+}
Stlth    +.........             d - amulet "Uxuss" {*Slow +Rage MR+ Str-4 Dex+9}
HPRegen  0.33/turn              i - +5 ring of slaying
MPRegen  0.19/turn              P - +4 ring of dexterity

@: mighty, glowing
A: permanent stasis, dig shafts and tunnels, four strong arms, antennae 3
a: Dig, Shaft Self, Divine Shield, Cleansing Flame, Summon Divine Warrior, Brand
Weapon With Holy Wrath, Renounce Religion


You were on level 4 of the Swamp.
You worshipped the Shining One.
The Shining One was exalted by your worship.
You were not hungry.

You visited 5 branches of the dungeon, and saw 28 of its levels.
You also visited: Gauntlet and Volcano.

You collected 2495 gold pieces.
You spent 1894 gold pieces at shops.

Inventory:

Hand Weapons
 a - a +4 executioner's axe of electrocution
 b - a +2 arbalest of flaming (weapon)
Missiles
 z - 91 bolts (quivered)
 Y - 30 javelins
Armour
 c - a +0 kite shield of reflection (worn)
 s - a +0 plate armour of magic resistance
 u - the cursed +0 pair of gloves of Sif Muna's Reproof (worn) {rElec}
   (You found it on level 14 of the Dungeon)

   It insulates you from electricity.
   It has a curse placed upon it.
 F - +0 swamp dragon scales (worn)
 G - a scarf of spirit shield (worn)
 H - a +2 tower shield
 W - the +2 pair of boots of Quach (worn) {Stlth+}
   (You found it in a Gauntlet)

   It makes you more stealthy.
 X - a scarf of resistance
Jewellery
 d - the amulet "Uxuss" (around neck) {*Slow +Rage MR+ Str-4 Dex+9}
   (You found it in a Gauntlet)

   [amulet of rage]

   It affects your strength (-4).
   It affects your dexterity (+9).
   It affects your resistance to hostile enchantments.
   It lets you go berserk.
   It may slow you when you take damage.
 i - a +5 ring of slaying (left hand)
 l - the amulet of Mediudaj {+Rage rElec MP-9 Dex+2}
   (You found it on level 11 of the Dungeon)

   [amulet of rage]

   It affects your dexterity (+2).
   It insulates you from electricity.
   It affects your magic capacity (-9).
   It lets you go berserk.
 v - an uncursed amulet of regeneration
 I - an uncursed ring of protection from cold
 P - a +4 ring of dexterity (right hand)
 U - an uncursed amulet of the acrobat
Wands
 t - a wand of clouds (13)
 x - a wand of polymorph (31)
 E - a wand of paralysis (38)
 L - a wand of iceblast (8)
 O - a wand of digging (8)
 R - a wand of disintegration (11)
 V - a wand of acid (15)
Scrolls
 e - 6 scrolls of enchant armour
 g - 10 scrolls of remove curse
 o - 2 scrolls of fog
 q - 2 scrolls of summoning
 y - 4 scrolls of amnesia
 A - a scroll of magic mapping
 C - a scroll of immolation
 D - a scroll of torment {unknown}
 J - 4 scrolls of fear
 N - 6 scrolls of identify
Potions
 h - 3 potions of cancellation
 j - a potion of might
 m - 3 potions of stabbing
 n - 6 potions of flight
 p - 5 potions of lignification
 r - 9 potions of curing
 w - a potion of invisibility
 B - 6 potions of ambrosia
 M - 7 potions of brilliance
 Q - 7 potions of mutation
 S - 2 potions of heal wounds
 Z - 2 potions of resistance
Miscellaneous
 k - a phantom mirror
 T - 2 tins of tremorstones
Comestibles
 f - 46 rations
 K - 6 chunks of flesh


   Skills:
 + Level 14.0 Fighting
 + Level 16.0 Axes
 * Level 10.1 Crossbows
 + Level 13.9 Armour
 + Level 15.0 Shields
 - Level 11.0 Invocations


You had 16 spell levels left.
You didn't know any spells.
Your spell library contained the following spells:

 Spells                   Type           Power        Failure   Level  Hunger
 Animate Skeleton         Necr           N/A          47%         1    ##.....
 Apportation              Tloc           #.....       47%         1    ##.....
 Corona                   Hex            #......      47%         1    ##.....
 Foxfire                  Conj/Fire      #...         47%         1    ##.....
 Pain                     Necr           #...         47%         1    ##.....
 Shock                    Conj/Air       #...         47%         1    ##.....
 Sting                    Tmut/Pois      #...         47%         1    ##.....
 Summon Butterflies       Summ           #.......     47%         1    ##.....
 Summon Small Mammal      Summ           #...         47%         1    ##.....
 Poisonous Vapours        Pois/Air       #.....       63%         2    ###....
 Slow                     Hex            #.......     63%         2    ###....
 Swiftness                Chrm/Air       #.......     63%         2    ###....
 Call Canine Familiar     Summ           #.......     85%         3    ####...
 Conjure Flame            Conj/Fire      #.......     85%         3    ####...
 Inner Flame              Hex/Fire       #.......     85%         3    ####...
 Lesser Beckoning         Tloc           #.........   85%         3    ####...
 Mephitic Cloud           Conj/Pois/Air  #.......     85%         3    ####...
 Portal Projectile        Hex/Tloc       #.....       85%         3    ####...
 Static Discharge         Conj/Air       #.......     85%         3    ####...
 Tukima's Dance           Hex            #.......     85%         3    ####...
 Vampiric Draining        Necr           #.........   85%         3    ####...
 Airstrike                Air            #.........   99%         4    #####..
 Animate Dead             Necr           N/A          99%         4    #####..
 Cause Fear               Hex            #.........   99%         4    #####..
 Leda's Liquefaction      Hex/Erth       #.........   99%         4    #####..
 Summon Ice Beast         Ice/Summ       #.......     99%         4    #####..
 Summon Lightning Spire   Summ/Air       #.......     99%         4    #####..
 Agony                    Necr           #.......     100%        5    ######.
 Alistair's Intoxication  Tmut/Pois      #.......     100%        5    ######.
 Lightning Bolt           Conj/Air       #.........   100%        5    ######.
 Summon Mana Viper        Hex/Summ       #.......     100%        5    ######.
 Eringya's Noxious Bog    Tmut/Pois      #.........   100%        6    #######
 Freezing Cloud           Conj/Ice/Air   #.........   100%        6    #######
 Invisibility             Hex            #.......     100%        6    #######
 Dragon Form              Tmut           #.........   100%        7    #######
 Ring of Flames           Chrm/Fire      #.........   100%        7    #######
 Summon Hydra             Summ           #.........   100%        7    #######
 Dragon's Call            Summ           #.........   100%        9    #######


Dungeon Overview and Level Annotations

Branches:
Dungeon (15/15)            Temple (1/1) D:4            Lair (6/6) D:10
  Swamp (4/4) Lair:4        Snake (0/4) Lair:2        Slime (0/5) Lair:5
    Orc (2/2) D:12            Elf (0/3) Orc:2        Vaults (0/5) D:13
 Depths (0/5) D:15        Volcano (visited)         Gauntlet (visited)

Altars:
Ashenzari
Cheibriados
Dithmenos
Elyvilon
Fedhas
Gozag
Hepliaklqana
Kikubaaqudgha
Makhleb
Nemelex Xobeh
Okawaru
Qazlal
Ru
Sif Muna
Trog
Uskayaw
Vehumet
Wu Jian
Xom
Yredelemnul
Zin
The Shining One

Shops:
D:9 :   D:11 !   D:12 }   D:14 *([!:   D:15 [   Orc:2 *(}(

Annotations:
D:13 2 transporters
Lair:1 exclusion: oklob plant


Innate Abilities, Weirdness & Mutations

You cannot be hasted, slowed, berserked, paralysed or teleported.
You can dig through walls and to a lower floor.
Your four strong arms can wield two-handed weapons with a shield.
You have a pair of large antennae on your head. (SInv)


Message History

Your angel gestures.
Your angel is healed somewhat.
You block the six-headed hydra's attack. x2
The six-headed hydra completely misses you.
You block the six-headed hydra's attack.
The six-headed hydra bites you but does no damage.
The six-headed hydra bites you.
* * * LOW HITPOINT WARNING * * *
The eight-headed hydra bites you!
* * * LOW HITPOINT WARNING * * *
You block the eight-headed hydra's attack.
The eight-headed hydra bites you!
* * * LOW HITPOINT WARNING * * *
The eight-headed hydra bites you but does no damage.
The eight-headed hydra bites you! The Shining One protects you from harm!
The eight-headed hydra closely misses you.
The eight-headed hydra bites you but does no damage.
The eight-headed hydra bites you.
You die...

♣♣♣.§≈...≈≈≈≈♣♣§..♣
♣.≈≈≈≈.≈≈≈≈≈≈.....♣ ♣..
♣≈≈≈≈≈≈.≈≈≈≈.≈≈≈.♣ ..§≈
♣♣.......≈≈≈..≈≈.♣ ♣.≈≈.
♣♣..♣♣♣♣≈≈....≈≈.♣♣♣♣♣♣..≈☼♣
♣.≈≈.♣ ♣♣♣♣♣♣≈≈≈..)≈Ai.≈≈≈§≈
♣♣≈≈.♣ ♣.≈≈○○k≈≈≈...[.♣
♣♣≈♣♣ ♣..≈Dk○≈≈§.....♣ ♣♣♣
♣♣♣♣♣.@DwD..(≈§=(≈.
♣≈≈D≈≈≈D§≈≈.≈≈≈..≈.
♣.≈≈≈≈≈..≈≈.≈≈≈..(≈
♣♣≈.≈≈.......≈.(≈≈.
♣♣♣≈≈...≈♣♣≈≈≈.≈≈≈ ♣♣♣♣♣♣♣♣
♣♣♣≈... ♣♣♣♣


You could see an eight-headed hydra, 2 seven-headed hydras, a six-headed hydra,
a swamp dragon, a tyrant leech (confused), a spriggan druid, a rime drake
(confused), a swamp drake and a friendly angel.

Vanquished Creatures
  2 thorn hunters (Swamp:4)
  Donald (Orc:2)
  An ironheart preserver (D:13)
  A very ugly thing (Swamp:3)
  An entropy weaver (Gauntlet)
  A minotaur (Gauntlet)
  A yaktaur captain (D:15)
  2 rakshasas
  2 ghost crabs (Swamp:2)
  2 shambling mangroves
  Erolcha (Orc:2)
  13 hydras
  A centaur warrior (Volcano)
  4 two-headed ogres
  A catoblepas (Lair:6)
  A death knight (D:11)
  9 death yaks
  2 tengu warriors (D:14)
  10 alligators
  3 orc high priests (Orc:2)
  A deep troll shaman (Lair:6)
  A hell knight (Volcano)
  4 skeletal warriors
  An unseen horror (D:13)
  3 swamp dragons
  A wolf spider (Gauntlet)
  5 orc knights
  2 deep elf magi
  The ghost of wintastic the Transmogrifier, a novice DrTm of Makhleb (D:6)
  8 ugly things
  7 orc sorcerers
  A manticore (D:15)
  10 elephants
  4 black mambas
  Maggie (D:9)
  3 centaur zombies
  A kobold demonologist (D:11)
  16 spiny frogs
  A yaktaur (D:15)
  2 rime drakes
  11 komodo dragons
  3 freezing wraiths
  16 trolls
  5 polar bears (Lair:6)
  A tengu conjurer (D:14)
  4 hornets
  8 tyrant leeches
  6 bog bodies
  28 slime creatures
  A raiju (Gauntlet)
  20 blink frogs
  A hippogriff (shapeshifter) (D:14)
  16 hippogriffs
  6 shadows
  A redback (Gauntlet)
  A yak (shapeshifter) (D:14)
  3 wraiths
  37 yaks
  A vampire (D:13)
  A tarantella (shapeshifter) (D:14)
  9 wyverns
  7 fire bats (Volcano)
  7 basilisks
  3 steam dragons
  19 vampire mosquitoes
  4 hungry ghosts
  10 insubstantial wisps
  An acid dragon (D:11)
  4 wargs
  9 swamp worms
  2 soldier ants (D:14)
  8 porcupines
  17 water moccasins
  5 swamp drakes
  A sky beast (D:13)
  25 orc warriors
  4 ice beasts
  An eye of draining (D:13)
  5 black bears
  A black bear (shapeshifter) (Gauntlet)
  5 phantoms
  13 ogres
  A centaur (shapeshifter) (D:14)
  9 wolves (Lair:6)
  15 crocodiles
  15 centaurs
  3 big kobolds
  19 bullfrogs
  A water moccasin zombie (D:6)
  A wyvern skeleton (D:13)
  54 killer bees
  6 scorpions
  An electric eel (D:14)
  5 wights (D:9)
  7 howler monkeys
  6 lava snakes (Volcano)
  4 bullfrog zombies
  5 crimson imps
  2 quasits (D:11)
  8 hounds
  3 jellies
  28 orc priests
  2 gnoll shamans
  23 orc wizards
  2 bullfrog skeletons
  10 centaur skeletons
  5 iguanas
  13 worker ants
  A killer bee zombie (D:8)
  A spectral worker ant (D:6)
  A hound skeleton (D:5)
  3 worker ant zombies
  7 gnolls
  19 adders
  5 shadow imps
  An adder zombie (D:7)
  2 adder skeletons (D:8)
  3 worms
  3 dart slugs
  2 leopard geckos
  89 orcs
  17 bats
  5 giant cockroaches
  10 goblins
  8 hobgoblins
  14 jackals
  10 quokkas
  3 ball pythons
  4 frilled lizards
  A giant cockroach zombie (D:5)
  A jackal zombie (D:5)
  25 kobolds
  A leopard gecko skeleton (D:9)
  2 quokka skeletons
  12 rats
  A spectral quokka (D:6)
  2 fungi
  3 plants (Lair:6)
966 creatures vanquished.

Vanquished Creatures (collateral kills)
  An orc warlord (Orc:1)
  2 hydras (Swamp:4)
  A swamp dragon (Swamp:4)
  An orc sorcerer (Orc:1)
  A rime drake (Swamp:4)
  An orc wizard (Orc:1)
  An orc (Orc:1)
8 creatures vanquished.

Vanquished Creatures (others)
  A hydra (Swamp:4)
  A centaur warrior (D:15)
  An alligator (Swamp:2)
  A blink frog (Swamp:2)
  A swamp worm (Swamp:1)
  2 swamp drakes
  An orc warrior (Orc:1)
  An orc priest (Orc:1)
  8 fungi
  5 plants
22 creatures vanquished.

Grand Total: 996 creatures vanquished

Notes
Turn   | Place    | Note
-------+----------+-------------------------------------------
     0 | D:1      | mortelune the Formicid Fighter began the quest for the Orb.
     0 | D:1      | Reached XP level 1. HP: 18/18 MP: 1/1
    40 | D:1      | Reached XP level 2. HP: 18/24 MP: 2/2
   294 | D:1      | Reached XP level 3. HP: 29/29 MP: 3/3
   924 | D:2      | Reached XP level 4. HP: 34/37 MP: 4/4
   929 | D:2      | Reached skill level 3 in Axes
  2029 | D:3      | Reached XP level 5. HP: 36/42 MP: 5/5
  2087 | D:3      | You fall into a shaft and drop 1 floor!
  2710 | D:3      | Reached XP level 6. HP: 48/48 MP: 6/6
  3095 | D:4      | Found an iron altar of Okawaru.
  3101 | D:4      | Found an ornate altar of the Wu Jian Council.
  3125 | D:4      | Reached skill level 4 in Axes
  3126 | D:4      | Found an opulent altar of Gozag.
  3436 | D:4      | Reached skill level 5 in Shields
  3509 | D:4      | Noticed a phantom
  3549 | D:4      | Killed a phantom
  3549 | D:4      | Reached XP level 7. HP: 55/55 MP: 7/7
  3557 | D:4      | Found a staircase to the Ecumenical Temple.
  3580 | Temple   | Entered the Ecumenical Temple
  3791 | Temple   | Became a worshipper of the Shining One
  4038 | D:5      | Entered Level 5 of the Dungeon
  4052 | D:4      | Reached skill level 5 in Fighting
  4052 | D:4      | Reached skill level 5 in Axes
  4277 | D:5      | Found a sacrificial altar of Ru.
  4286 | D:5      | Reached skill level 5 in Armour
  4395 | D:5      | Reached XP level 8. HP: 62/62 MP: 8/8
  4528 | D:5      | Found a basalt altar of Yredelemnul.
  4587 | D:5      | Found a glowing silver altar of Zin.
  4805 | D:6      | Reached * piety under the Shining One
  4827 | D:6      | Reached skill level 6 in Axes
  5010 | D:6      | Found a runed translucent gate.
  5010 | D:6      | Found a runed translucent gate.
  5010 | D:6      | Found a runed translucent gate.
  5010 | D:6      | Noticed wintastic's ghost (novice DrTm)
  5918 | D:7      | Reached XP level 9. HP: 64/69 MP: 9/9
  5934 | D:7      | Reached skill level 7 in Axes
  5935 | D:7      | Found a sparkling altar of Nemelex Xobeh.
  5956 | D:7      | Noticed a hippogriff
  5963 | D:7      | Killed a hippogriff
  6083 | D:7      | Reached ** piety under the Shining One
  6348 | D:8      | Noticed a two-headed ogre
  6421 | D:8      | Reached skill level 8 in Axes
  6583 | D:8      | Found an ancient bone altar of Kikubaaqudgha.
  6584 | D:8      | Noticed a troll
  6585 | D:8      | Found a blossoming altar of Fedhas.
  6602 | D:8      | Killed a troll
  6602 | D:8      | Reached skill level 1 in Invocations
  6871 | D:8      | Found a hide-covered altar of Uskayaw.
  6974 | D:8      | Reached XP level 10. HP: 78/79 MP: 11/11
  7264 | D:9      | Reached skill level 9 in Axes
  7381 | D:9      | Reached *** piety under the Shining One
  7681 | D:9      | Found Fuqyunac's Book Emporium.
  7750 | D:9      | Got a spiked leather armour
  7910 | D:9      | Noticed Maggie
  7929 | D:9      | Killed Maggie
  8168 | D:9      | Identified the +0 leather armour of Whack-A-Mole {Dex+4}
                  | (You found it on level 9 of the Dungeon)
  8345 | D:10     | Entered Level 10 of the Dungeon
  8579 | D:10     | Reached XP level 11. HP: 71/86 MP: 14/14
  8714 | D:10     | Found a staircase to the Lair.
  8731 | D:10     | Reached skill level 10 in Axes
  9414 | D:11     | Reached skill level 5 in Invocations
  9427 | D:11     | Found Ilepirr's Distillery.
  9650 | D:11     | Bought a potion of mutation for 136 gold pieces
  9650 | D:11     | Bought a potion of curing for 51 gold pieces
  9650 | D:11     | Bought a potion of brilliance for 68 gold pieces
  9776 | D:11     | Noticed a death knight
  9776 | D:11     | Reached **** piety under the Shining One
  9778 | D:11     | Noticed a skeletal warrior
  9972 | Lair:1   | Entered Level 1 of the Lair of Beasts
 10235 | Lair:1   | Reached skill level 11 in Axes
 10752 | Lair:1   | Noticed an oklob plant
 10977 | Lair:2   | Reached skill level 10 in Shields
 10977 | Lair:2   | Reached XP level 12. HP: 95/95 MP: 16/16
 11059 | Lair:2   | Found a gate leading to a gauntlet.
 11063 | Lair:2   | Noticed a six-headed hydra
 11072 | Lair:2   | HP: 3/95 [six-headed hydra (8)]
 11076 | Gauntlet | Entered a Gauntlet
 11076 | Gauntlet | Found a transporter.
 11076 | Gauntlet | Found a transporter.
 11076 | Gauntlet | Found a runed translucent door.
 11078 | Gauntlet | HP: 3/95 [poisoned by a spiny frog]
 11086 | Gauntlet | HP: 3/95 [poisoned by a spiny frog]
 11563 | Gauntlet | Found a transporter.
 11566 | Gauntlet | Found a transporter.
 11569 | Gauntlet | Found a transporter.
 11597 | Gauntlet | Noticed an unseen horror
 11597 | Gauntlet | a hornet changed into an unseen horror
 11599 | Gauntlet | Found a transporter.
 11600 | Gauntlet | Found a transporter.
 11602 | Gauntlet | Found a transporter.
 11602 | Gauntlet | Found a transporter.
 11604 | Gauntlet | Noticed a death ooze
 11612 | Gauntlet | Found a runed translucent gate.
 11614 | Gauntlet | Found a transporter.
 11615 | Gauntlet | Found a runed translucent gate.
 11615 | Gauntlet | Noticed an entropy weaver
 11616 | Gauntlet | Found a runed translucent gate.
 11630 | Gauntlet | Found a transporter.
 11640 | Gauntlet | Found a transporter.
 11657 | Gauntlet | Found a transporter.
 11674 | Gauntlet | Found a transporter.
 11676 | Gauntlet | Found a runed translucent door.
 12013 | Gauntlet | Killed an entropy weaver
 12329 | Gauntlet | Got a transparent silver amulet
 12337 | Gauntlet | Identified the amulet "Uxuss" {*Slow +Rage MR+ Str-4 Dex+9}
                  | (You found it in a Gauntlet)
 12357 | Gauntlet | Noticed a minotaur
 12377 | Gauntlet | Killed a minotaur
 12596 | Gauntlet | Identified the Disquisition on Noxious Lightness
 12598 | Gauntlet | Got a pair of dazzling boots
 12609 | Gauntlet | Identified the +2 pair of boots of Quach {Stlth+} (You
                  | found it in a Gauntlet)
 12845 | Lair:2   | Found a staircase to the Snake Pit.
 13063 | Lair:2   | Reached skill level 12 in Axes
 13177 | Lair:2   | Reached skill level 10 in Fighting
 13252 | Lair:2   | Noticed a four-headed hydra
 13282 | Lair:2   | Killed a four-headed hydra
 13679 | Lair:2   | Killed a six-headed hydra
 13679 | Lair:2   | Reached skill level 10 in Armour
 14289 | Lair:3   | Noticed a death yak
 14290 | Lair:3   | Noticed a death yak
 14290 | Lair:3   | Noticed a death yak
 14292 | Lair:3   | Noticed a death yak
 14325 | Lair:2   | Killed a death yak
 14325 | Lair:2   | Reached XP level 13. HP: 69/103 MP: 19/19
 14976 | Lair:3   | Noticed a four-headed hydra
 14996 | Lair:3   | Killed a four-headed hydra
 16086 | Lair:4   | Found a dark tunnel.
 16135 | Volcano  | Entered a volcano
 16300 | Volcano  | Reached skill level 13 in Axes
 16542 | Volcano  | Noticed a centaur warrior
 16564 | Volcano  | Killed a centaur warrior
 16790 | Volcano  | Found a bloodstained altar of Trog.
 16813 | Volcano  | Found a bloodstained altar of Trog.
 17108 | Lair:4   | Noticed a four-headed hydra
 17452 | Lair:4   | Noticed an eight-headed hydra
 17469 | Lair:4   | Killed a nine-headed hydra
 17904 | Lair:4   | Killed a four-headed hydra
 18203 | Lair:4   | Found a staircase to the Swamp.
 18743 | Lair:5   | Reached XP level 14. HP: 90/113 MP: 21/21
 18789 | Lair:5   | Found a staircase to the Slime Pits.
 19469 | Lair:6   | Entered Level 6 of the Lair of Beasts
 20256 | Lair:6   | Reached skill level 10 in Invocations
 20754 | Lair:6   | Reached skill level 14 in Axes
 22796 | Lair:6   | Identified the +9 halberd of Stickiness {flame, +Inv Str+2
                  | Stlth+} (You found it on level 6 of the Lair of Beasts)
 23348 | D:11     | Reached XP level 15. HP: 96/120 MP: 23/23
 23358 | D:11     | Reached ***** piety under the Shining One
 23918 | D:11     | Identified the amulet of Mediudaj {+Rage rElec MP-9 Dex+2}
                  | (You found it on level 11 of the Dungeon)
 24827 | D:12     | Reached skill level 1 in Crossbows
 24941 | D:12     | Found a staircase to the Orcish Mines.
 25053 | D:12     | Got a smoking amethyst amulet
 25100 | D:12     | Identified the amulet "Voirghoa" {Faith Int+3 Dex+6} (You
                  | found it on level 12 of the Dungeon)
 25193 | D:12     | Found Emirar's Gadget Shoppe.
 25600 | D:13     | Reached ****** piety under the Shining One
 25692 | D:13     | Found a transporter.
 25745 | D:13     | Reached skill level 15 in Axes
 25840 | D:13     | Found a gate to the Vaults.
 25840 | D:13     | Noticed an ironheart preserver
 25853 | D:13     | Killed an ironheart preserver
 26137 | D:13     | Found a transporter.
 26338 | D:14     | Found Vuawkogu's Distillery.
 26343 | D:14     | Found Sysh's Armour Shoppe.
 26353 | D:14     | Bought a potion of heal wounds for 70 gold pieces
 26353 | D:14     | Bought a potion of heal wounds for 70 gold pieces
 26353 | D:14     | Bought 2 potions of mutation for 224 gold pieces
 26353 | D:14     | Bought a potion of curing for 42 gold pieces
 26434 | D:14     | Found Jotilagg's Weapon Boutique.
 26464 | D:14     | Found an opulent altar of Gozag.
 26713 | D:14     | Got a pair of heavily runed gloves
 26725 | D:14     | Identified the cursed +0 pair of gloves of Sif Muna's
                  | Reproof {rElec} (You found it on level 14 of the Dungeon)
 26869 | D:14     | Reached skill level 5 in Crossbows
 27095 | D:14     | Found Ruliunet's Book Emporium.
 27296 | D:14     | Found Qamofazo's Mass Market.
 27309 | D:14     | Reached XP level 16. HP: 129/129 MP: 24/24
 27557 | D:14     | Bought a +0 executioner's axe of electrocution for 459 gold
                  | pieces
 27623 | Orc:1    | Entered Level 1 of the Orcish Mines
 27684 | Orc:2    | Entered Level 2 of the Orcish Mines
 27684 | Orc:2    | Found a staircase to the Elven Halls.
 27923 | Orc:2    | Noticed Erolcha
 28062 | Orc:2    | Killed Erolcha
 29006 | Orc:2    | Noticed Donald
 29029 | Orc:2    | Killed Donald
 29411 | Orc:2    | Found Vicvet's Assorted Antiques.
 29534 | Orc:2    | Found Qoim's Gadget Shoppe.
 29542 | Orc:2    | Found Duwkabin's Antique Weapon Shoppe.
 29544 | Orc:2    | Found Ewiyvudgh's Weapon Boutique.
 29840 | Orc:2    | Bought a wand of acid (6) for 264 gold pieces
 29926 | D:15     | Entered Level 15 of the Dungeon
 30245 | D:15     | Found Wiss's Antique Armour Shoppe.
 30478 | D:15     | Found a staircase to the Depths.
 31128 | D:6      | Killed wintastic's ghost
 31300 | Swamp:1  | Entered Level 1 of the Swamp
 32606 | Swamp:2  | Reached XP level 17. HP: 82/137 MP: 15/25
 35822 | Swamp:4  | Entered Level 4 of the Swamp
 36198 | Orc:2    | Bought a phantom mirror for 510 gold pieces
 36421 | Swamp:4  | Noticed a thorn hunter
 36427 | Swamp:4  | Killed a thorn hunter
 36427 | Swamp:4  | Reached skill level 16 in Axes
 36608 | Swamp:4  | Noticed a thorn hunter
 36611 | Swamp:4  | Killed a thorn hunter
 36611 | Swamp:4  | Reached skill level 15 in Shields
 36614 | Swamp:4  | Reached skill level 10 in Crossbows
 36761 | Swamp:4  | HP: 1/139 [eight-headed hydra (7)]
 36761 | Swamp:4  | The Shining One protects you from harm!
 36761 | Swamp:4  | Slain by an eight-headed hydra

Levels and vault maps discovered:
D:1:      dpeg_arrival_solitude, layout_basic
D:2:      layout_basic, minmay_misc_feat_hallway, minmay_heptomino_w4
D:3:      kennysheep_six_static_rooms, layout_rooms
D:4:      layout_gridville, okawaru_metal_pillars_1_2,
          grunt_temple_overflow_open, minmay_temple_entry_drinking_statues,
          first_ration, minmay_bent
D:5:      layout_layer_cave, nicolae_ru_great_annihilating_truth, zin_statuary,
          yredelemnul_altar_generic, kennysheep_potato
D:6:      layout_gridville, gammafunk_ghost_necromancy, roderic_batcave,
          serial_bayou_pond_d, minivault_22
D:7:      layout_loops_ring, nemelex_xobeh_ov_fountains_minmay
D:8:      layout_basic, grunt_temple_overflow_growth_and_decay,
          marbit_many_paths, serial_shops, shop, minmay_between
D:9:      layout_cave_pools, serial_shops, shop, uniq_maggie
D:10:     layout_basic, lair_entry_dummy
D:11:     wad_woods_minihive, layout_long_grid, serial_shops, shop,
          nrook_loot_triangle
D:12:     layout_basic, erik_orc_4, serial_shops, kennysheep_mini_moat
D:13:     gammafunk_dig_for_victory, layout_long_grid,
          skrybe_vaults_entry_preservation
D:14:     layout_loops_ring, nicolae_gozag_seed_capital, serial_shops, shop,
          shop, kennysheep_little_box, nicolae_shop_competitors_out_of_business,
          hangedman_pestilent_swarm, serial_bayou_pond_a, minmay_shop_mass,
          minmay_orc_keep
D:15:     grunt_enter_depths_snipers, layout_cave_pools, corexii_corridor_pit,
          serial_glass, glass_columns_b, glass_columns_a, serial_shops,
          nicolae_shop_crystal
Temple:   minmay_temple_bridge_abc
Lair:1:   layout_loops_ring, minmay_lair_oklob_chamber
Lair:2:   layout_regular_city, minmay_snake_entry_six_corridors,
          gauntlet_entry_generic, st_stairs_8, grunt_megastairs_5
Lair:3:   layout_regular_city, serial_bayou_shore_a
Lair:4:   layout_roguey, swamp_mist, enter_volcano_1, small_statue_intersection
Lair:5:   layout_regular_city, slime_dummy, minivault_25, grunt_megastairs_3
Lair:6:   grunt_lair_end_beastmaster, layout_hall_layers
Swamp:1:  layout_basic_swamp, serial_swamp_ruin, evilmike_swamp_ruin_rubble_1,
          evilmike_swamp_ruin_house_1, infiniplex_staircase_pool
Swamp:2:  layout_basic_swamp, wheals_swamp_sinkhole
Swamp:3:  layout_falls_marsh, evilmike_swamp_ruin_house_6
Swamp:4:  swamp_alternative, layout_basic_swamp
Orc:1:    layout_diamond_mine, rock_pile
Orc:2:    st_orc_elflike, layout_caves, uniq_erolcha, uniq_donald

Skill      XL: |  1  2  3  4  5  6  7  8  9 10 11 12 13 14 15 16 17 |
---------------+----------------------------------------------------+-----
Shields        | 4 5 6 7 8 10 11 12 13 14 15 | 15.0
Axes           | 3 4 5 6 8 9 11 12 13 14 15 16 | 16.0
Fighting       | 4 5 6 7 8 9 10 11 12 13 14 | 14.0
Armour         | 4 5 7 8 9 10 11 12 13 | 13.9
Invocations    | 1 4 6 8 9 10 11 | 11.0
Crossbows      | 5 8 10 | 10.1

Action                   |  1- 3 |  4- 6 |  7- 9 | 10-12 | 13-15 | 16-18 || total
-------------------------+-------+-------+-------+-------+-------+-------++-------
Melee: War axe           |   126 |   261 |   334 |   661 |  1006 |       ||  2388
       Dire flail        |       |       |       |    24 |    46 |       ||    70
       Battleaxe         |       |       |       |       |   443 |    26 ||   469
       Executioner's axe |       |       |       |       |       |   403 ||   403
 Fire: Arbalest          |       |       |       |       |    22 |   138 ||   160
Throw: Stone             |       |     3 |       |     1 |       |       ||     4
       Javelin           |       |       |       |     3 |     3 |       ||     6
       Dart              |       |       |       |       |     4 |       ||     4
Invok: Divine Shield     |       |       |     1 |     1 |     1 |     1 ||     4
       Cleansing Flame   |       |       |       |     3 |     2 |     2 ||     7
       Summon Divine War |       |       |       |       |       |     4 ||     4
 Abil: Dig               |       |       |       |     9 |    13 |     4 ||    26
Evoke: Wand              |       |       |       |       |     2 |     1 ||     3
  Use: Scroll            |       |    10 |     4 |     5 |    14 |     5 ||    38
       Potion            |       |       |     4 |     2 |     1 |     5 ||    12
  Eat: Chunk             |       |     9 |    14 |    21 |    45 |    24 ||   113
       Ration            |       |       |       |     1 |     2 |     3 ||     6
Armor: Scale mail        |    74 |    58 |       |       |       |       ||   132
       Plate armour      |       |    63 |   141 |   266 |   192 |   102 ||   764
       Ring mail         |       |       |       |       |   187 |       ||   187
       Swamp dragon scal |       |       |       |       |       |   130 ||   130
Dodge: Dodged            |    61 |    58 |    29 |    81 |   255 |   166 ||   650
Block: Kite shield       |    84 |    20 |       |       |       |   323 ||   427
       Tower shield      |       |   214 |   350 |   686 |  1512 |   183 ||  2945
       Reflection        |       |       |       |       |       |    14 ||    14

Table legend:
 A = Non-vault XP
 B = Vault XP
 C = Vault XP percentage of total XP
 D = Non-vault monster count
 E = Vault monster count
 F = Vault count percentage of total count
                 A         B        C        D         E       F
            +---------+---------+-------+---------+---------+-------
      Total |  141622 |   49583 |  25.9 |     731 |     245 |  25.1
            +---------+---------+-------+---------+---------+-------
        D:1 |      47 |       0 |   0.0 |      27 |       0 |   0.0
        D:2 |      45 |      24 |  34.8 |      24 |       8 |  25.0
        D:3 |     132 |      11 |   7.7 |      20 |       6 |  23.1
        D:4 |     571 |      40 |   6.5 |      19 |       4 |  17.4
        D:5 |     297 |      57 |  16.1 |      14 |       5 |  26.3
        D:6 |     516 |     637 |  55.2 |      14 |      12 |  46.2
        D:7 |    1202 |       0 |   0.0 |      20 |       0 |   0.0
        D:8 |    1303 |     209 |  13.8 |      23 |       5 |  17.9
        D:9 |    2287 |     409 |  15.2 |      25 |       1 |   3.8
       D:10 |    2057 |       0 |   0.0 |      19 |       0 |   0.0
       D:11 |    8294 |    5291 |  38.9 |      45 |      59 |  56.7
       D:12 |    6422 |     443 |   6.5 |      50 |      14 |  21.9
       D:13 |    8054 |    3182 |  28.3 |      43 |       9 |  17.3
       D:14 |    9474 |    2094 |  18.1 |      27 |      13 |  32.5
       D:15 |    3179 |    2386 |  42.9 |       8 |       3 |  27.3
     Lair:1 |    3416 |       0 |   0.0 |      16 |       0 |   0.0
     Lair:2 |    5354 |    2790 |  34.3 |      14 |      20 |  58.8
     Lair:3 |    6687 |       0 |   0.0 |      18 |       0 |   0.0
     Lair:4 |    5690 |       0 |   0.0 |      18 |       0 |   0.0
     Lair:5 |    4829 |    1068 |  18.1 |      14 |       4 |  22.2
     Lair:6 |   10762 |    9007 |  45.6 |      43 |      18 |  29.5
    Swamp:1 |   13039 |       0 |   0.0 |      33 |       0 |   0.0
    Swamp:2 |   10461 |       0 |   0.0 |      30 |       0 |   0.0
    Swamp:3 |   15382 |       0 |   0.0 |      40 |       0 |   0.0
    Swamp:4 |   12756 |    2344 |  15.5 |      20 |       6 |  23.1
      Orc:1 |    6407 |       9 |   0.1 |      53 |       3 |   5.4
      Orc:2 |    2959 |   11522 |  79.6 |      54 |      27 |  33.3
    Volcano |       0 |    3947 | 100.0 |       0 |      20 | 100.0
   Gauntlet |       0 |    4113 | 100.0 |       0 |       8 | 100.0
            +---------+---------+-------+---------+---------+-------
